 Dungeon Crawl Stone Soup version 0.23-a0-473-gc8aadda (webtiles) character file.

889 Amnesiac the Digger (level 7, 31/31 HPs)
             Began as a Felid Earth Elementalist on Nov 27, 2018.
             Was a Priest of Vehumet.
             Quit the game on level 6 of the Dungeon.
             The game lasted 00:11:17 (4779 turns).

Amnesiac the Digger (Felid Earth Elementalist)      Turns: 4779, Time: 00:11:17

Health: 31/31      AC:  2    Str:  7    XL:     7   Next: 77%
Magic:  16/16      EV: 18    Int: 18    God:    Vehumet [***...]
Gold:   181        SH:  0    Dex: 17    Spells: 1/17 levels left
                                        Lives:  1   Deaths: 1

rFire    . . .     SeeInvis +     - Unarmed
rCold    . . .     Gourm    .   (shield unavailable)
rNeg     . . .     Faith    .   (armour unavailable)
rPois    +         Spirit   .   (helmet unavailable)
rElec    .         Reflect  .   (cloak unavailable)
rCorr    .         Harm     .   (gloves unavailable)
MR       +....                  (boots unavailable)
Stlth    +++.......             (no amulet)
HPRegen  0.10/turn              k - +3 ring of strength
MPRegen  0.15/turn              q - ring of poison resistance

@: quick
A: very small, no armour, no weapons or thrown items, stealth, claws 1, fangs 3,
see invisible, carnivore, speed 1, shaggy fur 2, slow metabolism 1, sharp paws
a: Renounce Religion


You were on level 6 of the Dungeon.
You worshipped Vehumet.
Vehumet was most pleased with you.
You were not hungry.

You visited 1 branch of the dungeon, and saw 6 of its levels.

You collected 181 gold pieces.

Inventory:

Missiles
 b - 104 stones
Jewellery
 k - a +3 ring of strength (left paw)
 n - an uncursed ring of fire
 q - a ring of poison resistance (right paw)
Scrolls
 a - 4 scrolls of teleportation {!r, unknown}
 f - a scroll of noise {!r, unknown}
 h - 2 scrolls of magic mapping {!r, unknown}
 m - 5 scrolls of identify {!r, unknown}
 o - a scroll of enchant armour {!r, unknown}
 r - a scroll of remove curse {!r, unknown}
 t - a scroll of enchant weapon {!r, unknown}
 u - a scroll of fear {!r, unknown}
Potions
 e - 3 potions of flight {!q, unknown}
 g - a potion of berserk rage {!q, unknown}
 i - a potion of brilliance {!q, unknown}
 j - 2 potions of curing {!q, unknown}
 l - a potion of might {!q}
 p - a potion of heal wounds {!q, unknown}
 s - a potion of haste {!q, unknown}
 v - a potion of resistance {!q, unknown}
 w - a potion of mutation {!q, unknown}
Comestibles
 c - 13 rations
 d - 17 chunks of flesh


   Skills:
 - Level 3.1 Fighting
 - Level 3.0 Dodging
 + Level 4.1 Stealth
 - Level 3.0 Unarmed Combat
 + Level 5.5 Spellcasting
 - Level 1.1 Transmutations
 * Level 7.9 Earth Magic


You had one spell level left.
You knew the following spells:

 Your Spells              Type           Power        Failure   Level  Hunger
a - Sandblast             Erth           ####..       1%          1    None
b - Passwall              Tmut/Erth      ###.....     3%          2    #......
c - Apportation           Tloc           #.....       13%         1    None
d - Lee's Rapid Deconstr  Erth           ####......   3%          5    ######.
e - Petrify               Tmut/Erth      ###.....     19%         4    ####...
f - Animate Skeleton      Necr           N/A          13%         1    None
g - Summon Small Mammal   Summ           #...         13%         1    None
z - Confusing Touch       Hex            #.....       13%         1    None

Your spell library contained the following spells:

 Spells                   Type           Power        Failure   Level  Hunger
 Force Lance              Conj/Tloc      #.......     30%         4    ####...
 Stone Arrow              Conj/Erth      ###...       2%          3    ##.....


Dungeon Overview and Level Annotations

Branches:
Dungeon (6/15)
 Temple: D:4-7

Altars:
Dithmenos
Kikubaaqudgha
Qazlal
Vehumet
Xom
The Shining One

Annotations:
D:4 2 transporters, exclusion: downstairs, galech's ghost, amateur DsFi


Innate Abilities, Weirdness & Mutations

You cannot wear armour.
You are incapable of wielding weapons or throwing items.
Your paws allow you to move quietly. (Stealth)
You have sharp claws.
You have razor-sharp teeth.
You have supernaturally acute eyesight. (SInv)
You are carnivorous and can eat meat at any time.
You cover ground quickly.
You are covered in thick fur. (AC +2)
You have a slow metabolism.
Your sharp claws are effective at attacking unaware monsters.


Message History

Press: ? - help, Shift-Dir - straight line, f - electric eel
Aim: an electric eel (water, hasn't noticed you)
The blast of sand misses the electric eel.
b - 106 stones The gnoll sergeant shouts!
Unknown command.
Casting: Sandblast (safe; 1% risk of failure)
Confirm with . or Enter, or press ? or * to list all spells.
Aiming: Sandblast (safe; 1% risk of failure)
Press: ? - help, Shift-Dir - straight line, f/p - electric eel
Aim: an electric eel (water)
The blast of sand hits the electric eel.
You kill the electric eel!
Vehumet accepts your kill.
You feel your power returning.
b - 105 stones Unknown command.
Casting: Sandblast (safe; 1% risk of failure)
Confirm with . or Enter, or press ? or * to list all spells.
Aiming: Sandblast (safe; 1% risk of failure)
Press: ? - help, Shift-Dir - straight line, f - gnoll sergeant
Aim: a gnoll sergeant, wielding a +0 spear and wearing a +0 ring mail The blast of sand hits the gnoll sergeant.
b - 104 stones Unknown command.
Casting: Sandblast (safe; 1% risk of failure)
Confirm with . or Enter, or press ? or * to list all spells.
Aiming: Petrify (slightly dangerous; 19% risk of failure)
Press: ? - help, Shift-Dir - straight line, f/p - gnoll sergeant
Aim: a gnoll sergeant, wielding a +0 spear and wearing a +0 ring mail (chance The gnoll sergeant resists with significant effort.
A gnoll comes into view.
Unknown command.
Casting: Petrify (slightly dangerous; 19% risk of failure)
Confirm with . or Enter, or press ? or * to list all spells.
Aiming: Petrify (slightly dangerous; 19% risk of failure)
Press: ? - help, Shift-Dir - straight line, f/p - gnoll sergeant
Aim: a gnoll sergeant, wielding a +0 spear and wearing a +0 ring mail (chance You miscast Petrify.
You are very lightly contaminated with residual magic.
Nothing appears to happen.
The gnoll shouts!
You hear a shout! x2; You hear a bark!
Unknown command. 2 gnolls come into view.
The gnoll moves out of view.
The gnoll throws a stone.
The stone closely misses you.
You hear a splash.
The gnoll zaps a wand.
You suddenly lose the ability to move!
The gnoll sergeant hits you from afar with a +0 spear.
The gnoll throws a stone.
The stone hits you.
The gnoll sergeant hits you from afar with a +0 spear!
* * * LOW HITPOINT WARNING * * *
The gnoll throws a stone.
The stone hits you.
* * * LOW HITPOINT WARNING * * *
The gnoll sergeant hits you from afar with a +0 spear.
* * * LOW HITPOINT WARNING * * *
The gnoll throws a stone.
The stone hits you.
* * * LOW HITPOINT WARNING * * *
The gnoll sergeant hits you from afar with a +0 spear.
You die...
You are now level 7!
You rejoin the land of the living...
Unknown command.
Are you sure you want to abandon this character and quit the game? (Confirm

..# #.. ..##... ......
....# ## #...# #.###..# ..
#......## #..
#...@...#++#...
#..............
#..............
#..............
#####.######..............
..#......##...<.รท)..#..
##..........##........#
............#....##...#
....#....#..#.....#......#


There were no monsters in sight!

Vanquished Creatures
  Grinder (D:4)
  Sigmund (D:3)
  An ice beast (D:5)
  2 ogres (D:5)
  A wolf (D:6)
  3 centaurs (D:5)
  Blork the orc (D:5)
  A gnoll sergeant (D:6)
  An electric eel (D:6)
  2 crimson imps (D:5)
  2 hounds (D:6)
  2 jellies (D:5)
  A gnoll shaman (D:5)
  A bullfrog skeleton (D:5)
  A centaur skeleton (D:4)
  An iguana (D:5)
  2 worker ants
  A hound skeleton (D:4)
  10 gnolls (D:6)
  A howler monkey skeleton (D:4)
  9 adders
  A shadow imp (D:6)
  3 oozes
  An adder zombie (D:5)
  2 worms (D:3)
  4 dart slugs
  6 leopard geckos
  5 orcs
  2 ball pythons (D:2)
  8 bats
  4 giant cockroaches
  9 goblins
  6 hobgoblins
  5 jackals
  5 kobolds
  A quokka (D:6)
  14 frilled lizards
  A leopard gecko zombie (D:5)
  9 rats
131 creatures vanquished.

Notes
Turn   | Place    | Note
-------+----------+-------------------------------------------
     0 | D:1      | Amnesiac the Felid Earth Elementalist began the quest for
                  | the Orb.
     0 | D:1      | Reached XP level 1. HP: 7/7 MP: 4/4
   217 | D:1      | Reached skill level 3 in Earth Magic
   428 | D:3      | Reached XP level 2. HP: 11/11 MP: 3/6
   432 | D:3      | Learned a level 2 spell: Passwall
   710 | D:4      | Found a transporter.
   710 | D:4      | Noticed galech's ghost (amateur DsFi)
   719 | D:4      | Reached XP level 3. HP: 14/14 MP: 4/7
   746 | D:5      | Entered Level 5 of the Dungeon
   746 | D:5      | Noticed Blork the orc
   746 | D:5      | Noticed a centaur
   755 | D:4      | Found a transporter.
   800 | D:4      | Found a radiant altar of Vehumet.
   800 | D:4      | Found a shadowy altar of Dithmenos.
   800 | D:4      | Found a stormy altar of Qazlal.
   817 | D:4      | Became a worshipper of Vehumet
  1063 | D:1      | Reached skill level 1 in Unarmed Combat
  1109 | D:1      | Reached XP level 4. HP: 13/18 MP: 4/9
  1353 | D:2      | Found a glowing golden altar of the Shining One.
  1610 | D:2      | Found an ancient bone altar of Kikubaaqudgha.
  1631 | D:2      | Reached skill level 4 in Earth Magic
  1875 | D:2      | Reached * piety under Vehumet
  1875 | D:2      | Offered knowledge of Sting by Vehumet.
  1881 | D:2      | Learned a level 4 spell: Petrify
  2234 | D:3      | Noticed Sigmund
  2239 | D:3      | Killed Sigmund
  2239 | D:3      | Reached skill level 1 in Fighting
  2239 | D:3      | Reached XP level 5. HP: 13/22 MP: 6/11
  2239 | D:3      | Gained mutation: You are covered in thick fur. (AC +2)
                  | [Felid growth]
  2239 | D:3      | Reached XP level 6. HP: 15/25 MP: 6/12
  2615 | D:3      | Reached skill level 5 in Earth Magic
  2669 | D:3      | Learned a level 1 spell: Confusing Touch
  3109 | D:4      | Reached ** piety under Vehumet
  3111 | D:4      | Offered knowledge of Flame Tongue by Vehumet.
  3124 | D:4      | Noticed Grinder
  3132 | D:4      | Killed Grinder
  3212 | D:4      | Reached XP level 7. HP: 25/30 MP: 10/13
  3526 | D:5      | Found a shimmering altar of Xom.
  3572 | D:5      | Reached skill level 6 in Earth Magic
  3667 | D:5      | Learned a level 5 spell: Lee's Rapid Deconstruction
  3669 | D:5      | Learned a level 1 spell: Apportation
  3964 | D:5      | Killed Blork the orc
  3964 | D:5      | Reached XP level 8. HP: 24/34 MP: 11/15
  4018 | D:5      | Offered knowledge of Dazzling Spray by Vehumet.
  4061 | D:5      | Learned a level 1 spell: Animate Skeleton
  4063 | D:5      | Learned a level 1 spell: Summon Small Mammal
  4298 | D:5      | Reached skill level 7 in Earth Magic
  4458 | D:5      | Reached skill level 5 in Spellcasting
  4483 | D:5      | Reached *** piety under Vehumet
  4702 | D:6      | Offered knowledge of Force Lance by Vehumet.
  4774 | D:6      | Paralysed by a gnoll for 7 turns
  4778 | D:6      | Slain by a gnoll sergeant
  4779 | D:6      | Reached XP level 7. HP: -3/31 MP: 6/16
  4779 | D:6      | Quit the game

Vault maps used:
D:1:      minmay_arrival_shattered_statue
D:2:      marbit_many_paths, tso_oasis_becter
D:3:      minmay_crystal_water, minmay_lizard_king, uniq_sigmund
D:4:      gammafunk_temple_overflow_forgotten, gammafunk_ghost_mausoleum,
          uniq_grinder
D:5:      xom_teletrap_fun, first_ration, kennysheep_big_empty_room,
          uniq_blork_the_orc
D:6:      minmay_temple_entry_nine_rooms, serial_gnoll_camp,
          gnoll_camp_huts_moat, gnoll_camp_mini_hut, gnoll_camp_mini_shop,
          gnoll_camp_mini_loothouse, gnoll_camp_medium_02, nrook_loot_triangle,
          kennysheep_nub, hangedman_abyss_or_decor_lesser_grid, uniq_edmund

Skill      XL: |  1  2  3  4  5  6  7  8 |
---------------+-------------------------+-----
Earth Magic    | 3 4 5 6 7 |  7.9
Stealth        | 3 4 |  4.1
Unarmed Combat | 1 2 3 |  3.0
Fighting       | 1 2 3 |  3.1
Spellcasting   | 3 4 5 |  5.5
Dodging        | 3 |  3.0
Transmutations | |  1.1

Action                   |  1- 3 |  4- 6 |  7- 9 || total
-------------------------+-------+-------+-------++-------
Melee: Unarmed           |    46 |   158 |    34 ||   238
       Bite              |     4 |    19 |     2 ||    25
       Punch             |       |       |     1 ||     1
 Cast: Sandblast         |    36 |    31 |    76 ||   143
       Passwall          |     1 |     1 |     5 ||     7
       Petrify           |       |       |     9 ||     9
 Stab: Sleeping          |     6 |     4 |    10 ||    20
       Petrified         |       |       |    15 ||    15
       Petrifying        |       |       |     1 ||     1
  Eat: Chunk             |     8 |     4 |     5 ||    17
Armor: Skin              |     4 |    17 |     5 ||    26
Dodge: Dodged            |    57 |   151 |    40 ||   248

Table legend:
 A = Non-vault XP
 B = Vault XP
 C = Vault XP percentage of total XP
 D = Non-vault monster count
 E = Vault monster count
 F = Vault count percentage of total count
                 A         B        C        D         E       F
            +---------+---------+-------+---------+---------+-------
      Total |    1451 |    1039 |  41.7 |     104 |      27 |  20.6
            +---------+---------+-------+---------+---------+-------
        D:1 |      46 |       0 |   0.0 |      25 |       0 |   0.0
        D:2 |      47 |       1 |   2.1 |      17 |       1 |   5.6
        D:3 |      81 |     237 |  74.5 |      22 |       9 |  29.0
        D:4 |     178 |     254 |  58.8 |      15 |       1 |   6.2
        D:5 |    1010 |     142 |  12.3 |      20 |       2 |   9.1
        D:6 |      89 |     405 |  82.0 |       5 |      14 |  73.7
            +---------+---------+-------+---------+---------+-------
